 Dungeon Crawl Stone Soup version 0.19.0-2-gae57169 (webtiles) character file.

407 usedmeteor the Shield-Bearer (level 6, -5/38 HPs)
             Began as a Gargoyle Fighter on Nov 4, 2016.
             Was an Initiate of the Shining One.
             Slain by a killer bee (6 damage)
             ... on level 5 of the Dungeon.
             The game lasted 00:43:19 (4751 turns).

usedmeteor the Shield-Bearer (Gargoyle Fighter)     Turns: 4751, Time: 00:43:20

Health: -5/38      AC: 12    Str: 20      XL:     6   Next: 88%
Magic:  6/6        EV:  9    Int:  9 (11) God:    the Shining One [......]
Gold:   315        SH:  9    Dex:  9 (10) Spells: 0 memorised, 5 levels left

rFire  . . .     SeeInvis .     a - +2 war axe
rCold  . . .     Gourm    .     g - +3 ring mail
rNeg   + . .     Faith    .     c - +0 shield
rPois  ∞         Spirit   .     (no helmet)
rElec  +         Reflect  .     (no cloak)
rCorr  .         Harm     .     E - +0 pair of gloves
MR     .....                    B - +0 pair of boots
Stlth  ..........               (no amulet)
                                (no ring)
                                j - ring of loudness

@: glowing
A: clever 1, deformed body, deterioration 1, high mp 1, negative energy
resistance 1, electricity resistance, unbreathing, petrification resistance, rot
immunity, AC +4
a: Renounce Religion


You were on level 5 of the Dungeon.
You worshipped the Shining One.
The Shining One was noncommittal.
You were not hungry.

You visited 2 branches of the dungeon, and saw 6 of its levels.

You collected 315 gold pieces.

Inventory:

Hand Weapons
 a - a +2 war axe (weapon)
 d - a +0 flail
 f - a +0 short sword
 h - a +0 mace
 l - a +0 dagger
 p - a +0 falchion
 r - a +0 club
 x - a +0 rapier
 F - a +0 dagger of speed
 S - a +0 whip
Missiles
 k - 37 bolts
 m - 11 poisoned needles
 q - 7 silver javelins (quivered)
 G - 4 javelins
 K - 27 arrows
 T - 5 tomahawks
Armour
 b - a +0 scale mail
 c - a +0 shield (worn)
 e - a +0 robe
 g - a +3 ring mail (worn)
 i - a +0 leather armour
 n - a +2 robe of magic resistance
 o - a +0 ring mail
 s - a +0 ring mail
 t - a +0 chain mail
 y - a +0 ring mail
 B - a +0 pair of boots (worn)
 D - a +0 chain mail
 E - a +0 pair of gloves (worn)
 P - a +0 ring mail
Jewellery
 j - a ring of loudness (left hand)
Wands
 O - a wand of iceblast (11/15)
Scrolls
 v - 3 scrolls of amnesia
 w - a scroll of fog
 A - 4 scrolls of random uselessness
 H - a scroll of identify
 Y - 2 scrolls of remove curse
Potions
 C - a potion of lignification
 I - a potion of magic
Comestibles
 u - 3 fruits
 z - a bread ration
 J - a royal jelly
 L - a slice of pizza
 M - a beef jerky
 X - a meat ration


   Skills:
 + Level 4.2 Fighting
 + Level 4.2(4.3) Axes
 + Level 1.4(3.2) Maces & Flails
 + Level 3.5 Armour
 + Level 1.7 Dodging
 + Level 0.8 Stealth
 + Level 4.8 Shields


You had 5 spell levels left.
You didn't know any spells.

Dungeon Overview and Level Annotations

Branches:
Dungeon (5/15)             Temple (1/1) D:4

Altars:
Cheibriados
Dithmenos
Elyvilon
Fedhas
Gozag
Hepliaklqana
Kikubaaqudgha
Makhleb
Nemelex Xobeh
Okawaru
Qazlal
Ru
Sif Muna
Trog
Uskayaw
Vehumet
Xom
Yredelemnul
Zin
The Shining One


Innate Abilities, Weirdness & Mutations

You are resistant to torment.
Your stone body is resilient. (AC +4)
You are immune to poison.
You resist negative energy. (rN+)
You are resistant to electric shocks. (rElec)
You can survive without breathing.
You are immune to petrification.
You are immune to rotting.
Your mind is acute. (Int +2)
Armour fits poorly on your strangely shaped body.
Your body sometimes deteriorates upon taking damage.
You have an increased reservoir of magic. (+10% MP)


Message History

* * * LOW HITPOINT WARNING * * *
The killer bee stings you but does no damage.
You block the killer bee's attack.
You closely miss the killer bee.
The killer bee is heavily wounded.
You barely miss the killer bee. The killer bee stings you.
* * * LOW HITPOINT WARNING * * *
The killer bee stings you.
* * * LOW HITPOINT WARNING * * *
The killer bee stings you.
* * * LOW HITPOINT WARNING * * *
The killer bee stings you but does no damage.
The killer bee stings you.
* * * LOW HITPOINT WARNING * * *
You block the killer bee's attack.
You start eating the royal jelly.
The killer bee stings you but does no damage.
Keep eating?
You stop eating.
The killer bee stings you.
You die...

....y##......(...#
####yyy.....>.....
####<..........
.........# #
........##.#
.......Z...# .. #y#
. ##y# . ##y@# #..
##..## #.#.# #..##
######.#.####.######
.......#.##...##...#
###......##.###....#
.##................#
.......###.#####..##
###........# #.####


You could see 3 killer bees and a hound skeleton.

Vanquished Creatures
  An ogre (D:4)
  A killer bee (D:5)
  2 bullfrog skeletons (D:4)
  2 iguanas (D:5)
  10 adders
  An adder skeleton (D:5)
  3 worms
  2 dart slugs (D:2)
  3 leopard geckos
  8 orcs
  4 bats
  2 giant cockroaches
  6 goblins
  3 hobgoblins
  7 jackals
  2 quokkas (D:3)
  5 frilled lizards
  4 kobolds
  A quokka zombie (D:5)
  9 rats
76 creatures vanquished.

Notes
Turn   | Place    | Note
-------+----------+-------------------------------------------
     0 | D:1      | usedmeteor the Gargoyle Fighter began the quest for the Orb.
     0 | D:1      | Reached XP level 1. HP: 14/14 MP: 1/1
   936 | D:1      | Reached XP level 2. HP: 19/19 MP: 2/2
  1190 | D:2      | Reached XP level 3. HP: 21/23 MP: 3/3
  1518 | D:2      | Reached XP level 4. HP: 14/29 MP: 4/4
  2033 | D:2      | Reached skill level 1 in Dodging
  2286 | D:3      | Found a burning altar of Makhleb.
  2289 | D:3      | Noticed an Executioner
  2294 | D:3      | Found a glowing silver altar of Zin.
  2294 | D:3      | Noticed an angel
  2473 | D:3      | Reached XP level 5. HP: 27/33 MP: 5/5
  2561 | D:3      | Gained mutation: Your mind is acute. (Int +2) [potion of beneficial mutation]
  2776 | D:4      | Noticed an ogre
  2783 | D:4      | Killed an ogre
  2783 | D:4      | Reached XP level 6. HP: 17/38 MP: 6/6
  2921 | D:4      | Gained mutation: You have an increased reservoir of magic. (+10% MP) [potion of mutation]
  2921 | D:4      | Gained mutation: Your body sometimes deteriorates upon taking damage. [potion of mutation]
  2921 | D:4      | Gained mutation: Armour fits poorly on your strangely shaped body. [potion of mutation]
  3390 | D:4      | Found a staircase to the Ecumenical Temple.
  3964 | Temple   | Entered the Ecumenical Temple
  4226 | Temple   | Became a worshipper of the Shining One
  4262 | D:5      | Entered Level 5 of the Dungeon
  4479 | D:5      | Reached skill level 1 in Maces & Flails
  4750 | D:5      | HP: 1/38 [killer bee (1)]
  4751 | D:5      | Slain by a killer bee

Skill      XL: |  1  2  3  4  5  6 |
---------------+-------------------+-----
Axes           | 2 3 4 |  4.2
Shields        | 4 |  4.8
Dodging        | 1 |  1.7
Maces & Flails | 1 |  1.4
Fighting       | 4 |  4.2
Armour         | |  3.5
Stealth        | |  0.8

Action                   |  1- 3 |  4- 6 || total
-------------------------+-------+-------++-------
Melee: War axe           |    97 |   165 ||   262
       Club              |       |    14 ||    14
       Whip              |       |    61 ||    61
  Use: Potion            |     3 |     9 ||    12
       Scroll            |     4 |     9 ||    13
  Eat: Bread ration      |     1 |     2 ||     3
       Fruit             |       |     1 ||     1
Armor: Ring mail         |     4 |    52 ||    56
       Robe              |    41 |    44 ||    85
Dodge: Dodged            |    32 |    95 ||   127
Block: Shield            |    61 |   119 ||   180
